 Dungeon Crawl Stone Soup version 0.21.0-24-g2553a33 (webtiles) character file.

3560 tidbits the Magician (level 10, 48/77 HPs)
             Began as a Gnoll Skald on Jan 20, 2018.
             Quit the game on level 8 of the Dungeon.
             The game lasted 00:19:06 (2005 turns).

tidbits the Magician (Gnoll Skald)                  Turns: 2005, Time: 00:19:07

Health: 48/77      AC:  6    Str: 14    XL:     10   Next: 9%
Magic:  10/20      EV: 16    Int: 16    God:
Gold:   232        SH:  6    Dex: 15    Spells: 12/23 levels left

rFire    + . .     SeeInvis .   a - +2 hand axe (elec)
rCold    . . .     Gourm    .   D - +1 buckler
rNeg     . . .     Faith    .   B - +3 leather armour
rPois    +         Spirit   .   (no helmet)
rElec    .         Reflect  .   (no cloak)
rCorr    .         Harm     .   (no gloves)
MR       .....                  (no boots)
Stlth    ++........             (no amulet)
HPRegen  0.22/turn              (no ring)
MPRegen  0.17/turn              (no ring)

@: no status effects
A: distributed training, fangs 1, hooves 1, dopey 1, fire resistance 1, poison
resistance, strong nose
a: no special abilities


You were on level 8 of the Dungeon.
You were not hungry.

You visited 2 branches of the dungeon, and saw 9 of its levels.
You also visited: Ossuary.

You collected 232 gold pieces.

Inventory:

Hand Weapons
 a - a +2 hand axe of electrocution (weapon)
 e - a +0 short sword
 g - a +0 hunting sling
Missiles
 f - 30 stones (quivered)
 t - 5 tomahawks
Armour
 b - a +0 leather armour
 k - a +0 pair of gloves
 u - a +0 ring mail
 B - a +3 leather armour (worn)
 D - a +1 buckler (worn)
Scrolls
 d - a scroll of fear {unknown}
 m - 2 scrolls of teleportation
 p - 4 scrolls of amnesia
 q - a scroll of blinking
 r - 3 scrolls of remove curse
 s - 2 scrolls of noise
Potions
 h - 2 potions of heal wounds
 i - a potion of agility
 j - 2 potions of resistance
 l - 3 potions of flight
 o - a potion of curing
Books
 c - a book of Battle

   Spells                             Type                      Level
   a - Infusion                       Charms                       1
   b - Shroud of Golubria             Charms/Translocation         2
   c - Song of Slaying                Charms                       2
   d - Spectral Weapon                Hexes/Charms                 3
   e - Regeneration                   Charms/Necromancy            3
Comestibles
 n - 2 rations


   Skills:
 + Level 6.7 Fighting
 + Level 4.8 Short Blades
 + Level 4.8 Long Blades
 + Level 6.7 Axes
 + Level 4.8 Maces & Flails
 + Level 4.8 Polearms
 + Level 4.8 Staves
 + Level 4.8 Slings
 + Level 4.8 Bows
 + Level 4.8 Crossbows
 + Level 4.8 Throwing
 + Level 5.5 Armour
 + Level 6.7 Dodging
 + Level 4.8 Stealth
 + Level 4.8 Shields
 + Level 4.8 Unarmed Combat
 + Level 7.0 Spellcasting
 + Level 4.0 Conjurations
 + Level 4.0 Hexes
 + Level 6.8 Charms
 + Level 4.0 Summonings
 + Level 4.0 Necromancy
 + Level 4.0 Translocations
 + Level 4.0 Transmutations
 + Level 4.0 Fire Magic
 + Level 4.0 Ice Magic
 + Level 4.0 Air Magic
 + Level 4.0 Earth Magic
 + Level 4.0 Poison Magic
 + Level 5.3 Invocations
 + Level 4.8 Evocations


You had 12 spell levels left.
You knew the following spells:

 Your Spells              Type           Power        Failure   Level  Hunger
g - Shroud of Golubria    Chrm/Tloc      ###.......   2%          2    None
i - Infusion              Chrm           ####         1%          1    None
r - Regeneration          Chrm/Necr      ###.......   4%          3    ##.....
w - Spectral Weapon       Hex/Chrm       ###.....     4%          3    ##.....
y - Song of Slaying       Chrm           ####....     1%          2    None


Dungeon Overview and Level Annotations

Branches:
Dungeon (8/15)             Temple (1/1) D:6
   Lair: D:8-11

Altars:
Ashenzari
Dithmenos
Elyvilon
Fedhas
Gozag
Hepliaklqana
Kikubaaqudgha
Nemelex Xobeh
Okawaru
Qazlal
Ru
Sif Muna
Trog
Uskayaw
Vehumet
Wu Jian
Xom
Yredelemnul
Zin
The Shining One

Shops:
D:4 :


Innate Abilities, Weirdness & Mutations

Your experience applies equally to all skills.
You have very sharp teeth.
Your uncanny sense of smell can sniff out nearby items.
You have large cloven feet.
You are dopey. (Int -2)
Your flesh is heat resistant. (rF+)
Your system is resistant to poisons. (rPois)


Message History

The crimson imp hits your spectral weapon.
Your spectral weapon shares its damage with you!
* * * LOW HITPOINT WARNING * * *
You swap places.
The crimson imp closely misses you.
You hit the crimson imp but do no damage.
Your kick misses the crimson imp.
Your spectral weapon hits the crimson imp.
The crimson imp completely misses you.
You slash the crimson imp!
You kill the crimson imp!
Your Conjurations skill increases to level 4!
Your Hexes skill increases to level 4!
Your Summonings skill increases to level 4!
Your Necromancy skill increases to level 4!
Your Translocations skill increases to level 4!
Your Transmutations skill increases to level 4!
Your Fire Magic skill increases to level 4!
Your Ice Magic skill increases to level 4!
Your Air Magic skill increases to level 4!
Your Earth Magic skill increases to level 4!
Your Poison Magic skill increases to level 4!
Your skin is crawling a little less now.
Your spectral weapon fades away.
You open the door.
An orc and 2 orc wizards come into view.
An orc wizard is wielding a dagger of venom.
Your skin stops crawling.
Found a scroll of remove curse.
Casting: Regeneration
Confirm with . or Enter, or press ? or * to list all spells.
You draw out your weapon's spirit!
The orc wizard shouts! x2; The orc shouts!
You hear a shout!
An orc comes into view. It is wielding a flail.
The orc wizard miscasts a cantrip.
An orc wizard comes into view. It is wielding a dagger.
You closely miss the orc wizard. Your bite misses the orc wizard.
Your spectral weapon misses the orc wizard.
The orc wizard points at you and mumbles some strange words.
The magic dart hits you!
The orc wizard moves out of view.
You barely miss the orc wizard.
You kick the orc wizard, but do no damage.
You bite the orc wizard, but do no damage.
Your spectral weapon hits the orc wizard but does no damage.
You closely miss the orc wizard.
You bite the orc wizard, but do no damage.
You barely miss the orc wizard.
Your spectral weapon hits the orc wizard!
Lightning courses through the orc wizard!
You kill the orc wizard!
You barely miss the orc wizard.
Your spectral weapon hits the orc wizard but does no damage.
The orc wizard barely misses you.
You hit the orc wizard.
Lightning courses through the orc wizard!
You kill the orc wizard!
You slash the orc!
You kill the orc!
The orc wizard looks braver for a moment.
You closely miss the orc. Your kick misses the orc.
Your spectral weapon barely misses the orc.
The orc wizard gestures wildly while chanting.
The orc wizard seems to speed up.
You hit the orc. You kick the orc.
The orc is heavily wounded.
Your spectral weapon hits the orc.
Your spectral weapon hits the orc wizard.
Lightning courses through the orc wizard!
You kill the orc wizard!
The orc hits your spectral weapon with a flail.
Your spectral weapon shares its damage with you!
You hit the orc.
The orc is almost dead.
Your spectral weapon hits the orc.
Lightning courses through the orc!
You kill the orc!
You swap places.
There is an open door here.
Items here: )) [ † an enchanted flail; a dagger of venom; a robe; an orc corpse
Things that are here:
a dagger; a robe Your spectral weapon fades away.
You see here a scroll of remove curse.
d - 3 scrolls of remove curse (gained 1) Adjust (i)tems, (s)pells, or (a)bilities?
Adjust which item? (? for menu, Esc to quit)
d - 3 scrolls of remove curse Adjust to which letter? (? for menu, Esc to quit)
r - 3 scrolls of remove curse;
d - a scroll labeled DAEVAPSIUGU None of your equipped items are cursed.
Okay, then.
Unknown command.
Okay, then.
There is an open door here.
Items here: )) [ † an enchanted flail; a dagger of venom; a robe; an orc corpse
Things that are here:
a dagger; a robe You open the door.
There is an open door here.
Are you sure you want to abandon this character and quit the game? (Confirm with "yes".)

###### #....#### #....#@.#
#....'..# #....#..#
#....####### ###
####.....#.. ..### #### ###
#.....#...#... .... ..#
#.....#.[##.. ... ..#
#########.....#..#..####.###
..#
#.........##+##.....##.....#


There were no monsters in sight!

Vanquished Creatures
  2 two-headed ogres (D:8)
  A hungry ghost (D:8)
  Duvessa (D:7)
  A necrophage (D:6)
  An orc warrior (D:8)
  An ice beast (D:8)
  2 sky beasts (D:6)
  An ogre (D:8)
  A crocodile (D:8)
  Dowan (D:7)
  4 water moccasin zombies (Ossuary)
  9 killer bees (D:8)
  A howler monkey (D:6)
  2 crimson imps
  2 jellies
  3 hounds
  A gnoll shaman (D:7)
  An orc priest (D:8)
  4 orc wizards
  4 worker ants
  2 big kobold zombies (Ossuary)
  A hound zombie (D:5)
  2 mummies (Ossuary)
  4 gnolls (D:7)
  A worker ant zombie (D:6)
  6 adders
  3 adder zombies (Ossuary)
  2 worms
  A dart slug (D:4)
  4 leopard geckos
  11 orcs
  2 giant cockroaches (D:3)
  4 goblins
  4 hobgoblins
  13 jackals
  A quokka (D:2)
  3 frilled lizards
  5 gnoll zombies (Ossuary)
  7 hobgoblin zombies (Ossuary)
  A jackal skeleton (D:4)
  7 kobolds
  6 kobold zombies (Ossuary)
  A leopard gecko zombie (D:8)
  2 orc zombies (Ossuary)
  5 rats
141 creatures vanquished.

Vanquished Creatures (others)
  A spectral weapon (D:8)
1 creature vanquished.

Grand Total: 142 creatures vanquished

Notes
Turn   | Place    | Note
-------+----------+-------------------------------------------
     0 | D:1      | tidbits the Gnoll Skald began the quest for the Orb.
     0 | D:1      | Reached XP level 1. HP: 20/20 MP: 6/6
    48 | D:2      | Reached XP level 2. HP: 23/26 MP: 2/7
    56 | D:2      | Learned a level 2 spell: Song of Slaying
    59 | D:2      | Learned a level 2 spell: Shroud of Golubria
   111 | D:1      | Reached XP level 3. HP: 8/31 MP: 0/9
   116 | D:1      | Learned a level 3 spell: Regeneration
   120 | D:1      | Learned a level 3 spell: Spectral Weapon
   181 | D:2      | Reached skill level 5 in Spellcasting
   344 | D:3      | Reached skill level 1 in Invocations
   345 | D:3      | Reached skill level 1 in Short Blades
   345 | D:3      | Reached skill level 1 in Long Blades
   345 | D:3      | Reached skill level 1 in Maces & Flails
   345 | D:3      | Reached skill level 1 in Polearms
   345 | D:3      | Reached skill level 1 in Staves
   345 | D:3      | Reached skill level 1 in Slings
   345 | D:3      | Reached skill level 1 in Bows
   345 | D:3      | Reached skill level 1 in Crossbows
   345 | D:3      | Reached skill level 1 in Throwing
   345 | D:3      | Reached skill level 1 in Stealth
   345 | D:3      | Reached skill level 1 in Shields
   345 | D:3      | Reached skill level 1 in Unarmed Combat
   345 | D:3      | Reached skill level 1 in Evocations
   349 | D:3      | Reached XP level 4. HP: 19/38 MP: 1/11
   530 | D:3      | Reached skill level 1 in Conjurations
   530 | D:3      | Reached skill level 1 in Hexes
   530 | D:3      | Reached skill level 1 in Summonings
   530 | D:3      | Reached skill level 1 in Necromancy
   530 | D:3      | Reached skill level 1 in Translocations
   530 | D:3      | Reached skill level 1 in Transmutations
   530 | D:3      | Reached skill level 1 in Fire Magic
   530 | D:3      | Reached skill level 1 in Ice Magic
   530 | D:3      | Reached skill level 1 in Air Magic
   530 | D:3      | Reached skill level 1 in Earth Magic
   530 | D:3      | Reached skill level 1 in Poison Magic
   552 | D:3      | Noticed a dagger
   552 | D:3      | Noticed a dagger
   553 | D:3      | Found a hide-covered altar of Uskayaw.
   576 | D:4      | Found Jiboeb's Book Emporium.
   594 | D:5      | Entered Level 5 of the Dungeon
   626 | D:4      | Found a sand-covered staircase.
   635 | Ossuary  | Entered an ossuary
   702 | Ossuary  | Reached XP level 5. HP: 19/43 MP: 9/12
   717 | Ossuary  | Reached skill level 3 in Armour
   779 | Ossuary  | Reached skill level 2 in Invocations
   779 | Ossuary  | Reached XP level 6. HP: 40/50 MP: 2/13
   801 | Ossuary  | Reached skill level 5 in Fighting
   801 | Ossuary  | Reached skill level 5 in Axes
   801 | Ossuary  | Reached skill level 5 in Dodging
   811 | Ossuary  | Reached skill level 2 in Short Blades
   811 | Ossuary  | Reached skill level 2 in Long Blades
   811 | Ossuary  | Reached skill level 2 in Maces & Flails
   811 | Ossuary  | Reached skill level 2 in Polearms
   811 | Ossuary  | Reached skill level 2 in Staves
   811 | Ossuary  | Reached skill level 2 in Slings
   811 | Ossuary  | Reached skill level 2 in Bows
   811 | Ossuary  | Reached skill level 2 in Crossbows
   811 | Ossuary  | Reached skill level 2 in Throwing
   811 | Ossuary  | Reached skill level 2 in Stealth
   811 | Ossuary  | Reached skill level 2 in Shields
   811 | Ossuary  | Reached skill level 2 in Unarmed Combat
   811 | Ossuary  | Reached skill level 2 in Evocations
   917 | Ossuary  | Gained mutation: Your flesh is heat resistant. (rF+) [potion of mutation]
   917 | Ossuary  | Gained mutation: You are dopey. (Int -2) [potion of mutation]
   917 | Ossuary  | Gained mutation: You have large cloven feet. [potion of mutation]
   917 | Ossuary  | Gained mutation: Your system is resistant to poisons. (rPois) [potion of mutation]
   978 | D:4      | Found a sparkling altar of Nemelex Xobeh.
   992 | D:4      | Found a stormy altar of Qazlal.
   993 | D:4      | Found an ornate altar of the Wu Jian Council.
  1123 | D:5      | Reached XP level 7. HP: 56/56 MP: 5/15
  1183 | D:5      | Found an opulent altar of Gozag.
  1284 | D:6      | Reached skill level 2 in Conjurations
  1284 | D:6      | Reached skill level 2 in Hexes
  1284 | D:6      | Reached skill level 2 in Summonings
  1284 | D:6      | Reached skill level 2 in Necromancy
  1284 | D:6      | Reached skill level 2 in Translocations
  1284 | D:6      | Reached skill level 2 in Transmutations
  1284 | D:6      | Reached skill level 2 in Fire Magic
  1284 | D:6      | Reached skill level 2 in Ice Magic
  1284 | D:6      | Reached skill level 2 in Air Magic
  1284 | D:6      | Reached skill level 2 in Earth Magic
  1284 | D:6      | Reached skill level 2 in Poison Magic
  1299 | D:6      | Found a staircase to the Ecumenical Temple.
  1310 | Temple   | Entered the Ecumenical Temple
  1407 | D:6      | Reached skill level 3 in Invocations
  1447 | D:8      | Noticed a hungry ghost
  1454 | D:8      | Killed a hungry ghost
  1454 | D:8      | Reached skill level 6 in Charms
  1454 | D:8      | Reached XP level 8. HP: 48/63 MP: 8/16
  1464 | D:8      | Reached skill level 3 in Short Blades
  1464 | D:8      | Reached skill level 3 in Long Blades
  1464 | D:8      | Reached skill level 3 in Maces & Flails
  1464 | D:8      | Reached skill level 3 in Polearms
  1464 | D:8      | Reached skill level 3 in Staves
  1464 | D:8      | Reached skill level 3 in Slings
  1464 | D:8      | Reached skill level 3 in Bows
  1464 | D:8      | Reached skill level 3 in Crossbows
  1464 | D:8      | Reached skill level 3 in Throwing
  1464 | D:8      | Reached skill level 4 in Armour
  1464 | D:8      | Reached skill level 3 in Stealth
  1464 | D:8      | Reached skill level 3 in Shields
  1464 | D:8      | Reached skill level 3 in Unarmed Combat
  1464 | D:8      | Reached skill level 3 in Evocations
  1489 | D:8      | Reached skill level 6 in Spellcasting
  1545 | D:8      | Found a hazy altar of Hepliaklqana.
  1606 | D:8      | Noticed a two-headed ogre
  1611 | D:8      | Killed a two-headed ogre
  1611 | D:8      | Reached skill level 6 in Fighting
  1611 | D:8      | Reached skill level 6 in Axes
  1611 | D:8      | Reached skill level 6 in Dodging
  1611 | D:8      | Reached skill level 3 in Conjurations
  1611 | D:8      | Reached skill level 3 in Hexes
  1611 | D:8      | Reached skill level 3 in Summonings
  1611 | D:8      | Reached skill level 3 in Necromancy
  1611 | D:8      | Reached skill level 3 in Translocations
  1611 | D:8      | Reached skill level 3 in Transmutations
  1611 | D:8      | Reached skill level 3 in Fire Magic
  1611 | D:8      | Reached skill level 3 in Ice Magic
  1611 | D:8      | Reached skill level 3 in Air Magic
  1611 | D:8      | Reached skill level 3 in Earth Magic
  1611 | D:8      | Reached skill level 3 in Poison Magic
  1611 | D:8      | Reached skill level 4 in Invocations
  1611 | D:8      | Reached XP level 9. HP: 42/69 MP: 10/18
  1669 | D:8      | Reached skill level 4 in Short Blades
  1669 | D:8      | Reached skill level 4 in Long Blades
  1669 | D:8      | Reached skill level 4 in Maces & Flails
  1669 | D:8      | Reached skill level 4 in Polearms
  1669 | D:8      | Reached skill level 4 in Staves
  1669 | D:8      | Reached skill level 4 in Slings
  1669 | D:8      | Reached skill level 4 in Bows
  1669 | D:8      | Reached skill level 4 in Crossbows
  1669 | D:8      | Reached skill level 4 in Throwing
  1669 | D:8      | Reached skill level 4 in Stealth
  1669 | D:8      | Reached skill level 4 in Shields
  1669 | D:8      | Reached skill level 4 in Unarmed Combat
  1669 | D:8      | Reached skill level 4 in Evocations
  1706 | D:7      | Noticed Dowan
  1707 | D:7      | Noticed Duvessa
  1716 | D:7      | Killed Duvessa
  1717 | D:7      | Killed Dowan
  1718 | D:7      | Reached skill level 5 in Armour
  1914 | D:8      | Found a shimmering altar of Xom.
  1940 | D:8      | Noticed a two-headed ogre
  1946 | D:8      | Killed a two-headed ogre
  1946 | D:8      | Reached skill level 7 in Spellcasting
  1946 | D:8      | Reached skill level 5 in Invocations
  1946 | D:8      | Reached XP level 10. HP: 27/77 MP: 6/20
  1958 | D:8      | Reached skill level 4 in Conjurations
  1958 | D:8      | Reached skill level 4 in Hexes
  1958 | D:8      | Reached skill level 4 in Summonings
  1958 | D:8      | Reached skill level 4 in Necromancy
  1958 | D:8      | Reached skill level 4 in Translocations
  1958 | D:8      | Reached skill level 4 in Transmutations
  1958 | D:8      | Reached skill level 4 in Fire Magic
  1958 | D:8      | Reached skill level 4 in Ice Magic
  1958 | D:8      | Reached skill level 4 in Air Magic
  1958 | D:8      | Reached skill level 4 in Earth Magic
  1958 | D:8      | Reached skill level 4 in Poison Magic
  2005 | D:8      | Quit the game

Skill      XL: |  1  2  3  4  5  6  7  8  9 10 |
---------------+-------------------------------+-----
Spellcasting   | 5 6 7 |  7.0
Invocations    | 1 2 3 4 5 |  5.3
Short Blades   | 1 2 3 4 |  4.8
Long Blades    | 1 2 3 4 |  4.8
Maces & Flails | 1 2 3 4 |  4.8
Polearms       | 1 2 3 4 |  4.8
Staves         | 1 2 3 4 |  4.8
Slings         | 1 2 3 4 |  4.8
Bows           | 1 2 3 4 |  4.8
Crossbows      | 1 2 3 4 |  4.8
Throwing       | 1 2 3 4 |  4.8
Stealth        | 1 2 3 4 |  4.8
Shields        | 1 2 3 4 |  4.8
Unarmed Combat | 1 2 3 4 |  4.8
Evocations     | 1 2 3 4 |  4.8
Conjurations   | 1 2 3 4 |  4.0
Hexes          | 1 2 3 4 |  4.0
Summonings     | 1 2 3 4 |  4.0
Necromancy     | 1 2 3 4 |  4.0
Translocations | 1 2 3 4 |  4.0
Transmutations | 1 2 3 4 |  4.0
Fire Magic     | 1 2 3 4 |  4.0
Ice Magic      | 1 2 3 4 |  4.0
Air Magic      | 1 2 3 4 |  4.0
Earth Magic    | 1 2 3 4 |  4.0
Poison Magic   | 1 2 3 4 |  4.0
Armour         | 3 4 5 |  5.5
Fighting       | 5 6 |  6.7
Axes           | 5 6 |  6.7
Dodging        | 5 6 |  6.7
Charms         | 6 |  6.8

Action                   |  1- 3 |  4- 6 |  7- 9 | 10-12 || total
-------------------------+-------+-------+-------+-------++-------
Melee: Hand axe          |    50 |   167 |   125 |    11 ||   353
       Bite              |     2 |    19 |    15 |     2 ||    38
       Punch             |       |     1 |       |       ||     1
       Kick              |       |     7 |    37 |     2 ||    46
 Cast: Infusion          |     5 |       |       |       ||     5
       Spectral Weapon   |     3 |    19 |    18 |     1 ||    41
       Shroud of Golubri |     1 |     8 |     9 |       ||    18
       Regeneration      |     1 |     2 |     7 |     1 ||    11
       Song of Slaying   |     1 |       |       |       ||     1
  Use: Potion            |     1 |     5 |     2 |       ||     8
       Scroll            |       |     7 |     9 |       ||    16
 Stab: Distracted        |       |     3 |       |       ||     3
       Sleeping          |       |     1 |     2 |       ||     3
  Eat: Ration            |       |     1 |     1 |       ||     2
       Chunk             |       |       |     4 |       ||     4
Armor: Leather armour    |    23 |    23 |    24 |       ||    70
Dodge: Dodged            |    48 |    83 |    75 |     3 ||   209
Block: Buckler           |       |     1 |    33 |       ||    34

Table legend:
 A = Turns spent in this place as a percentage of turns spent in the entire game.
 B = Non-inter-level travel turns spent in this place as a percentage of non-inter-level travel turns spent in the entire game.
 C = Inter-level travel turns spent in this place as a percentage of turns spent in this place.
 D = Turns resting spent in this place as a percentage of non-inter-level travel turns spent in this place.
 E = Turns spent auto-exploring this place as a percentage of non-inter-level travel turns spent in this place.
 F = Non-inter-level travel turns spent in this place divided by the number of levels of this place that you've seen.
                   A       B       C       D       E      F
               +-------+-------+-------+-------+-------+----------------------
         Total | 100.0 | 100.0 |   0.6 |   0.0 |   0.0 | 199.2
       Dungeon |  83.1 |  83.6 |   0.0 |   0.0 |   0.0 | 208.2
        Temple |   2.6 |   2.0 |  25.0 |   0.0 |   0.0 |  39.0
       Ossuary |  14.3 |  14.4 |   0.0 |   0.0 |   0.0 | 287.0
               +-------+-------+-------+-------+-------+----------------------

Table legend:
 A = Kills in this place as a percentage of kills in entire the game.
 B = Kills by you in this place as a percentage of kills by you in the entire game.
 C = Kills by friends in this place as a percentage of kills by friends in the entire game.
 D = Other kills in this place as a percentage of other kills in the entire game.
 E = Experience gained in this place as a percentage of experience gained in the entire game.
 F = Experience gained in this place divided by the number of levels of this place that you have seen.
                   A       B       C       D       E      F
               +-------+-------+-------+-------+-------+----------------------
         Total | 100.0 | 100.0 |   N/A |   N/A | 100.0 | 508.7
       Dungeon |  78.0 |  78.0 |   N/A |   N/A |  91.8 | 583.6
       Ossuary |  22.0 |  22.0 |   N/A |   N/A |   8.2 | 418.0
               +-------+-------+-------+-------+-------+----------------------

Vault maps used:
D:1:      ncdulo_halloftheorcs
D:2:      first_ration, uniq_crazy_yiuf_cottage
D:3:      dancing_weapons_uskayaw
D:4:      minitemple, lightli_ossuary_entry_decrepit_ruins, serial_shops,
          nicolae_shop_window_shopping, eino_tiny_chamber, roderic_lattice_a
D:5:      lemuel_doored_altar, grunt_gozag_breadcrumbs
D:6:      minmay_temple_entry_statues_pillars, uniq_prince_ribbit1
D:7:      nicolae_ru_sacrificial_ziggurat, uniq_duvessa
D:8:      kennysheep_mini_moat, old_standard_altar
Temple:   dshaligram_water_room_temple
Ossuary:  ossuary_tomb_2
